 Dungeon Crawl Stone Soup version 0.16-a0-3695-ga3e2ed8 (webtiles) character file.

1397244 vatarom the Slayer (level 27, -11/169 HPs)
             Began as a Vine Stalker Assassin on Jan 15, 2015.
             Was the Champion of Zin.
             Killed from afar by a Brimstone Fiend (24 damage)
             ... with a blast of hellfire
             ... on level 7 of Gehenna on Jan 18, 2015.
             The game lasted 12:29:57 (131702 turns).

vatarom the Slayer (Vine Stalker Assassin)        Turns: 131702, Time: 12:29:58

Health: -11/169    AC: 29    Str: 32 (33) XL:     27
Magic:  0/49       EV: 38    Int: 22      God:    Zin [******]
Gold:   7460       SH: 24    Dex: 31      Spells: 2 memorised, 67 levels left

rFire  + + .     SeeInvis .     R - +9 quick blade (holy)
rCold  . . .     Clarity  .     X - +5 steam dragon armour
rNeg   + . .     SustAb   .     p - +5 shield {rN+}
rPois  ∞         Gourm    +     T - +2 helmet "Siopt" {rC+ Slay+3}
rElec  .         Spirit   +     b - +1 cloak "Feus" {-Cast +Blink Int+4 Slay+4}
rCorr  +         Warding  .     o - +3 pair of gloves "Dedeonos" {-Cast +Blink MR+ Regen+ rCorr Dex+2}
rMut   .         Stasis   .     e - +2 pair of boots {Fly}
MR     ++++.     NoCast   +     N - amulet of the gourmand
Stlth  ++++++++..               A - ring of Fixation {Fire Str+4 Dex+2}
                                z - ring "Shyuq" {Wiz +Rage +Inv rPois+ rF+ Dex+2}

@: vitalised, short of breath, flying, incredibly resistant to hostile
enchantments, extraordinarily stealthy
A: fangs 3, regeneration 3, magic shield, antimagic bite, no device heal 3, rot
immunity
a: Recite, Vitalisation, Imprison, Sanctuary, Renounce Religion, Evoke Blink,
Evoke Berserk Rage, Evoke Invisibility, Stop Flying
}: 14/15 runes: decaying, slimy, silver, golden, iron, icy, bone, abyssal,
demonic, glowing, magical, fiery, dark, gossamer


You were on level 7 of Gehenna.
You worshipped Zin.
Zin was exalted by your worship.
You were completely stuffed.

You visited 17 branches of the dungeon, and saw 92 of its levels.
You visited Pandemonium 1 time, and saw 28 of its levels.
You visited the Abyss 2 times.
You also visited: Labyrinth and Ice Cave.

You collected 19111 gold pieces.
You spent 5382 gold pieces at shops.
You donated 6269 gold pieces to Zin.

Inventory:

Hand weapons
 R - a +9 quick blade of holy wrath (weapon)
 Y - the +8 quick blade of a bailey {flame, rPois+ rC+ Int+4}
   (You acquired it in Pandemonium)

   It emits flame when wielded, causing extra injury to most foes and up to half
   again as much damage against particularly susceptible opponents.
   It affects your intelligence (+4).
   It protects you from cold.
   It protects you from poison.
Armour
 b - the +1 cloak "Feus" (worn) {-Cast +Blink Int+4 Slay+4}
   (Okawaru gifted it to you on level 15 of the Dungeon)

   It affects your intelligence (+4).
   It affects your accuracy and damage with ranged weapons and melee attacks
   (+4).
   It lets you blink.
   It prevents spellcasting.
 e - a +2 pair of boots of flying (worn)
 o - the +3 pair of gloves "Dedeonos" (worn) {-Cast +Blink MR+ Regen+ rCorr Dex+2}
   (You found it on level 5 of the Dungeon)

   It affects your dexterity (+2).
   It affects your resistance to hostile enchantments.
   It lets you blink.
   It prevents spellcasting.
   It increases your rate of regeneration.
   It protects you from acid and corrosion.
 p - a +5 shield of positive energy (worn)
 T - the +2 helmet "Siopt" (worn) {rC+ Slay+3}
   (Okawaru gifted it to you on level 2 of the Elven Halls)

   It affects your accuracy and damage with ranged weapons and melee attacks
   (+3).
   It protects you from cold.
 X - a +5 steam dragon armour (worn)
Jewellery
 q - the ring "Diomiavo" {rPois+ rC+ rN+ EV+4 Int-2 Stlth+}
   (You took it off an efreet in Pandemonium)

   [ring of evasion]

   It affects your evasion (+4).
   It affects your intelligence (-2).
   It protects you from cold.
   It protects you from poison.
   It protects you from negative energy.
   It makes you more stealthy.
 u - the ring of Orrumaem {+Rage +Inv rC++ EV-3 Int-4 SInv}
   (You found it on level 12 of the Dungeon)

   [ring of evasion]

   It affects your evasion (-3).
   It affects your intelligence (-4).
   It greatly protects you from cold.
   It enhances your eyesight.
   It lets you turn invisible.
   It lets you go berserk.
 z - the ring "Shyuq" (left hand) {Wiz +Rage +Inv rPois+ rF+ Dex+2}
   (You bought it in a shop on level 4 of the Orcish Mines)

   [ring of wizardry]

   It improves your spell success rate.
   It affects your dexterity (+2).
   It protects you from fire.
   It protects you from poison.
   It lets you turn invisible.
   It lets you go berserk.
 A - the ring of Fixation (right hand) {Fire Str+4 Dex+2}
   (You took it off a balrug in Pandemonium)

   [ring of fire]

   It enhances your fire magic, and weakens your ice magic.
   It affects your strength (+4).
   It affects your dexterity (+2).
   It protects you from fire.
   It makes you vulnerable to cold.
 C - an uncursed ring of teleportation
 G - a cursed ring of see invisible
 K - the ring "Pneaqaff" {+cTele *Rage rN+ Slay+6}
   (You found it on level 12 of the Dungeon)

   [ring of teleport control]

   It can be evoked for teleport control.
   It affects your accuracy and damage with ranged weapons and melee attacks
   (+6).
   It protects you from negative energy.
   It may make you go berserk in combat.
 N - an amulet of the gourmand (around neck)
Magical devices
 f - a wand of digging (8)
 h - a wand of disintegration (12)
 t - a wand of frost (19)
 x - a wand of disintegration (8)
 y - a wand of cold (6)
 F - a wand of slowing (8)
 H - a wand of disintegration (9)
 J - a wand of paralysis (2)
 M - a wand of confusion (23)
 Q - a wand of hasting (2)
Scrolls
 d - 2 scrolls of holy word
 g - 2 scrolls of fear
 j - 34 scrolls of remove curse
 k - a scroll of silence
 s - 8 scrolls of fog
 B - a scroll of blinking
 D - 3 scrolls of summoning
 L - a scroll of magic mapping
 P - 6 scrolls of identify
 W - 11 scrolls of recharging
 Z - 13 scrolls of teleportation
Potions
 c - 8 potions of magic
 m - 6 potions of haste
 n - 8 potions of might
 r - 19 potions of brilliance
 v - 2 potions of restore abilities
 w - 39 potions of curing
 E - 3 potions of cancellation
 U - 5 potions of agility
Miscellaneous
 a - a legendary deck of changes {drawn: 1}
 O - a lamp of fire
 S - a fan of gales
 V - 3 phials of floods
Comestibles
 i - 3 meat rations
 l - 5 bread rations
 I - 46 fruits


   Skills:
 - Level 25.0 Fighting
 - Level 25.0 Short Blades
 - Level 16.1 Throwing
 - Level 18.0 Armour
 - Level 22.0 Dodging
 - Level 19.4 Stealth
 - Level 20.1 Shields
 + Level 24.9 Spellcasting
 - Level 17.0 Charms
 - Level 17.5 Invocations
 + Level 23.0 Evocations


You had 67 spell levels left.
You knew the following spells:

 Your Spells              Type           Power        Failure   Level  Hunger
a - Haste                 Chrm           #######.     1%          6    #......
b - Shroud of Golubria    Chrm/Tloc      ######....   1%          2    None


Dungeon Overview and Level Annotations

Branches:
Dungeon (15/15)            Temple (1/1) D:6            Lair (8/8) D:9
  Swamp (5/5) Lair:3       Spider (5/5) Lair:3        Slime (6/6) Lair:8
    Orc (4/4) D:11            Elf (3/3) Orc:4        Vaults (5/5) D:13
  Crypt (3/3) Vaults:2       Tomb (3/3) Crypt:3      Depths (5/5) D:15
   Hell (1/1)                 Dis (7/7) Hell            Geh (7/7) Hell
    Coc (7/7) Hell            Tar (7/7) Hell
    Zot: Depths:5

Altars:
Ashenzari
Cheibriados
Dithmenos
Elyvilon
Fedhas
Gozag
Kikubaaqudgha
Makhleb
Nemelex Xobeh
Okawaru
Qazlal
Ru
Sif Muna
Vehumet
Xom
Yredelemnul
Zin
The Shining One
Jiyva

Shops:
D:7 !   D:12 *   Orc:3 *(   Orc:4 =[*[!   Elf:1 !   Vaults:5 !?

Portals:
Hell: Depths:1 Depths:2 Depths:3 Depths:4
Abyss: Depths:1 Depths:2 Depths:4
Pandemonium: Depths:3 Depths:4
Trove: Elf:3 (give +2 storm dragon armour)

Annotations:
Elf:2 runed door
Crypt:1 runed door, Aizul
Geh:7 Serpent of Hell


Innate Abilities, Weirdness & Mutations

You have razor-sharp teeth.
You regenerate.
When hurt, damage is shared between your health and your magic reserves.
Your bite disrupts and absorbs the magic of your enemies.
Potions and wands cannot restore your health.
You are immune to rotting.


Message History

The storm dragon dies!
The storm dragon's corpse disappears in a puff of smoke!
The blast of hellfire engulfs the hellion.
The hellion completely resists.
The blast of hellfire engulfs the Serpent of Hell.
The Serpent of Hell completely resists.
The blast of hellfire engulfs the iron dragon.
The iron dragon dies!
The iron dragon's corpse disappears in a puff of smoke!
The Brimstone Fiend gestures at you.
The hellfire explodes!
The blast of hellfire engulfs the Serpent of Hell.
The Serpent of Hell completely resists.
The blast of hellfire engulfs the balrug.
The balrug completely resists.
The blast of hellfire engulfs the hellion.
The hellion completely resists.
The blast of hellfire engulfs the crimson imp.
The crimson imp completely resists.
The blast of hellfire engulfs you!
You die...

*,,,,,,**+++,++...++,**##..≈#####
*,,,,,,**,+***#...++,,**##≈§#####
',,,,,,**,,* #...#*..,* ##≈#####
',,,,,,**,,* #.2.##.,,* ##≈#####
*,,,,,,**$'####...'',,**##≈≈#####
*,,,,,,**++4.''..82+,**##.≈≈#####
**********+,,'3251#***##..≈≈#####
**********,,,*#)D§# ##...≈≈#####
*+,,,,+**,,,,*#2@.# ##...≈≈≈#####
+++,,+++,,,,,*#..## #.....≈≈#####
,+****+,,,,8,*#.'## #......≈#####
,,* *,,,,,,,*#'''# #.....≈≈#####
*** *********##'.# #.....§≈#####
################..# #.....§§#####
...##.....!.'##...# #....≈§§#####
...##.)....'''....# #...≈..≈#####
...##.....##'.....# #..≈..≈≈#####


You could see the Serpent of Hell (dazed), a Brimstone Fiend, 2 balrugs, a sun
demon, 2 hellions, a red devil and a crimson imp.

Vanquished Creatures
  Antaeus (Coc:7)
  Cerebov (Pan)
  the royal jelly (Slime:6)
  Ereshkigal (Tar:7)
  Gloorx Vloq (Pan)
  Ignacio (Pan)
  Mnoleg (Pan)
  A seraph (Pan)
  Dispater (Dis:7)
  Lom Lobon (Pan)
  Khufu (Tomb:3)
  3 ancient liches
  34 greater mummies
  The ghost of Miyamura the Sorcerer, a legendary HESk of Cheibriados (Pan)
  Boris (twice) (Vaults:2 Crypt:2)
  The ghost of MarvinPA the Metallomancer, a great FoEE of Ru (Vaults:4)
  Sojobo (Tomb:2)
  19 shard shrikes
  the Lernaean hydra (Swamp:5)
  Norris (Spider:3)
  Mennas (Vaults:2)
  3 Killer Klowns (Pan)
  Geryon (Hell)
  3 golden dragons
  Frederick (Crypt:2)
  3 pearl dragons
  11 bone dragons
  Nikola (Spider:4)
  12 liches
  4 tentacled monstrosities
  25 Brimstone Fiends
  15 Hell Sentinels
  40 Ice Fiends
  A quicksilver dragon (Dis:7)
  31 Shadow Fiends
  7 deep elf blademasters
  4 tentacled starspawn
  8 deep elf master archers
  20 titans
  33 Executioners
  22 acid blobs
  7 eldritch tentacles
  Agnes (Depths:1)
  11 ancient champions
  5 storm dragons
  5 shadow dragons
  7 sphinxes
  A thorn hunter (Swamp:4)
  9 tengu reavers
  12 daevas (Pan)
  Roxanne (Spider:1)
  6 revenants
  21 azure jellies
  18 pandemonium lords (Pan)
  29 cacodemons (Pan)
  3 orc warlords
  Wiglaf (Spider:2)
  25 fire giants
  13 vault wardens
  13 black suns (Pan)
  2 draconian scorchers (Geh:3)
  5 iron dragons
  23 frost giants
  Aizul (Crypt:1)
  7 warmongers (Pan)
  43 balrugs
  2 curse skulls (Pan)
  6 ghost moths
  10 ghouls
  14 emperor scorpions
  13 deep elf sorcerers
  21 angels (Pan)
  10 ironheart preservers
  105 reapers
  13 war gargoyles
  3 draconian annihilators (Pan)
  2 spriggan defenders (Depths:4)
  15 rakshasas
  5 elemental wellsprings
  10 ophanim
  14 salamander firebrands
  15 blood saints (Pan)
  6 very ugly things
  35 stone giants
  25 apis
  6 vampire knights
  7 bennus
  17 lorocyprocas (Pan)
  9 deep elf annihilators
  131 slime creatures
  5 eidola
  11 chaos champions (Pan)
  6 dire elephants
  6 deep elf demonologists
  12 corrupters (Pan)
  A pale draconian (Abyss:3)
  3 unborn
  14 deep elf death magi
  58 blizzard demons
  Snorg (Elf:2)
  A very ugly thing zombie (Depths:2)
  33 green deaths
  A caustic shrike zombie (Depths:2)
  11 jiangshi
  14 ettins
  7 quicksilver dragon zombies
  8 fire dragons
  29 vault guards
  A minotaur (shapeshifter) (Vaults:1)
  A crystal guardian (Vaults:3)
  19 mummy priests
  A merfolk impaler (Depths:3)
  2 minotaurs
  15 death oozes
  Josephine (Spider:1)
  7 kraken zombies
  18 great orbs of eyes
  26 hydras
  15 hell beasts
  11 deep elf high priests
  21 yaktaur captains
  2 quicksilver dragon skeletons
  A spectral shadow dragon (Tomb:3)
  29 monstrous demonspawn
  24 ice dragons
  3 spriggan air magi (Depths:4)
  5 ghost crabs
  An anaconda (shapeshifter) (Depths:4)
  9 deep troll earth magi
  A fulminant prism (Pan)
  12 alligators
  12 centaur warriors
  6 tengu warriors
  23 dancing weapons
  19 hell hogs
  A death knight (Crypt:3)
  26 death yaks
  11 ogre magi
  5 spriggan berserkers
  9 deep troll shamans
  3 holy swine (Pan)
  8 titan zombies
  64 sun demons
  5 vampire magi
  3 orc high priests (Orc:4)
  13 titan skeletons
  3 shock serpents (Pan)
  17 shadow wraiths
  2 fire crabs
  A wretched star (Abyss:2)
  12 storm dragon zombies
  2 catoblepae
  44 soul eaters
  2 thrashing horrors (Abyss:3)
  37 deep elf knights
  219 skeletal warriors
  A spatial maelstrom (Abyss:3)
  A spectral anaconda (Tar:7)
  53 hell knights
  4 salamander mystics
  A death drake (Abyss:2)
  An unseen horror (shapeshifter) (Abyss:3)
  Erolcha (Orc:1)
  83 ice devils
  51 death scarabs
  A ghost moth zombie (Dis:7)
  4 iron trolls
  2 kraken simulacra (Hell)
  19 anaconda zombies
  7 golden dragon zombies
  11 cherubim (Pan)
  A giant orange brain (Pan)
  27 deep trolls
  9 storm dragon skeletons
  A spectral iron dragon (Crypt:1)
  23 necromancers
  46 shadow demons
  13 swamp dragons
  6 deep elf summoners
  24 infernal demonspawn
  An anubis guard (shapeshifter) (D:15)
  21 anubis guards
  28 gelid demonspawn (Pan)
  8 ice statues
  4 harpies
  6 wizards
  31 torturous demonspawn (Pan)
  An obsidian statue (Depths:4)
  7 shadow dragon zombies
  8 anaconda skeletons
  17 hill giants
  7 unseen horrors
  Pikel (D:4)
  16 flayed ghosts
  9 golden dragon skeletons
  25 putrid demonspawn
  A mana viper (Tomb:3)
  An air elemental (Coc:7)
  4 cyclopes
  17 wolf spider zombies
  11 ironbrand convokers
  8 orc sorcerers
  29 orc knights
  10 frost giant zombies
  14 deep elf conjurers
  8 griffons
  9 shining eyes
  A spectral fire dragon (Crypt:1)
  48 ugly things
  A hornet (shapeshifter) (Depths:4)
  11 hornets
  12 fire giant zombies
  14 orb spiders
  A faun (shapeshifter) (Depths:4)
  9 iron dragon zombies
  8 shadow dragon skeletons
  12 stone giant zombies
  4 manticores
  69 large abominations
  22 phantasmal warriors
  21 wolf spiders
  A black mamba (shapeshifter) (D:14)
  77 sixfirhies
  3 iron dragon skeletons
  3 centaur zombies
  7 fire giant skeletons
  10 vault sentinels
  8 dire elephant zombies
  3 black mambas (Lair:8)
  2 moths of wrath
  12 worldbinders
  9 frost giant skeletons
  21 salamanders
  Joseph (D:10)
  4 shock serpent zombies
  An eye of devastation (shapeshifter) (Vaults:5)
  63 orange demons
  7 stone giant skeletons
  A titan simulacrum (Coc:2)
  22 elephants
  11 molten gargoyles
  6 torpor snails
  54 rust devils
  A guardian serpent (Abyss:2)
  2 eyes of devastation
  A spiny frog (shapeshifter) (Vaults:3)
  6 dire elephant skeletons
  109 smoke demons
  16 spiny frogs
  A manticore (shapeshifter) (Vaults:2)
  2 shock serpent skeletons
  14 small abominations
  59 freezing wraiths
  An elf (shapeshifter) (Abyss:3)
  A pale draconian zombie (Coc:7)
  A white draconian zombie (Crypt:2)
  18 efreet
  27 demonic crawlers
  6 fire drakes
  A mottled draconian skeleton (Crypt:3)
  A death yak skeleton (Crypt:2)
  A komodo dragon (shapeshifter) (Depths:1)
  46 hellions
  2 tengu conjurers
  101 hellwings
  6 komodo dragons
  A grey draconian skeleton (Crypt:3)
  An alligator snapping turtle skeleton (Coc:2)
  2 ancient zymes
  84 tormentors
  A minotaur zombie (Coc:1)
  11 deep elf priests
  4 spriggan druids
  A white draconian skeleton (Crypt:1)
  43 guardian mummies
  57 yaktaurs
  7 human zombies
  7 harpy zombies
  A catoblepas zombie (Geh:4)
  6 giant leeches
  11 trolls
  An iron troll skeleton (Crypt:1)
  A jumping spider zombie (Spider:1)
  A queen bee (shapeshifter) (Depths:4)
  4 anaconda simulacra
  28 hydra zombies
  76 red devils
  8 silent spectres
  2 tengu simulacra (Depths:2)
  7 polar bears
  69 blue devils
  A polar bear (shapeshifter) (Vaults:3)
  2 fire vortices (Pan)
  A snapping turtle (shapeshifter) (Depths:4)
  17 two-headed ogres
  2 boulder beetles
  24 jumping spiders
  A jumping spider (shapeshifter) (Vaults:5)
  A shadow dragon simulacrum (Coc:7)
  2 raiju (shapeshifter)
  A tarantella zombie (Spider:1)
  A wind drake (shapeshifter) (Depths:4)
  16 hydra skeletons
  6 raiju (Abyss:3)
  A slime creature (shapeshifter) (Vaults:5)
  A wandering mushroom (Lair:8)
  14 ettin zombies
  11 fire dragon zombies
  8 harpy skeletons
  9 bog bodies
  18 trapdoor spiders
  2 catoblepas skeletons
  17 alligator zombies
  A troll (shapeshifter) (Vaults:4)
  A baby alligator (shapeshifter) (Depths:4)
  16 ushabtiu
  3 baby alligators (Swamp:1)
  178 flying skulls
  26 spriggans
  23 ravens
  2 fire giant simulacra
  A blink frog (shapeshifter) (D:13)
  15 ice dragon zombies
  2 black mamba zombies
  4 basilisks
  36 blink frogs
  4 fire dragon skeletons
  6 alligator skeletons
  69 yaks
  3 spriggan skeletons
  68 shadows
  A trapdoor spider (shapeshifter) (Depths:4)
  A shock serpent simulacrum (Coc:4)
  51 redbacks
  45 wraiths
  11 starcursed masses
  61 ynoxinuls
  6 ettin skeletons
  A deep troll skeleton (Depths:4)
  A centaur simulacrum (D:15)
  28 fire elementals
  8 ice dragon skeletons
  19 tarantellas
  41 vampires
  12 wyverns
  25 water elementals
  41 deep elf fighters
  Eustachio (D:6)
  22 vampire mosquitoes
  16 golden eyes
  30 deep elf magi
  6 black mamba skeletons
  38 wolves
  7 hungry ghosts
  2 steam dragons
  18 hippogriffs
  14 insubstantial wisps
  11 chaos spawn
  10 wargs
  38 swamp worms
  5 spatial vortices
  3 hydra simulacra
  A mottled dragon (shapeshifter) (Vaults:5)
  54 neqoxecs
  A deep troll zombie (Depths:4)
  4 mottled dragons
  A gelid demonspawn skeleton (Crypt:2)
  21 water moccasins
  14 spiny frog zombies
  73 hell hounds
  2 raven skeletons
  9 black bears (Lair:8)
  39 ice beasts
  5 merfolk skeletons
  4 spiny frog skeletons
  3 alligator simulacra
  3 human skeletons
  40 necrophages
  A spider (shapeshifter) (Depths:4)
  43 orc warriors
  7 eyes of draining
  An ice dragon simulacrum (Crypt:3)
  12 spiders
  14 phantoms
  4 sky beasts
  A ghost crab zombie (Tar:7)
  9 porcupines
  An eye of draining (shapeshifter) (D:13)
  16 swamp drakes
  A deep dwarf (shapeshifter) (Vaults:5)
  A manticore zombie (Geh:4)
  A boring beetle (shapeshifter) (Depths:4)
  An ogre (shapeshifter) (Vaults:3)
  13 snapping turtle zombies
  17 wasps
  An ettin simulacrum (Crypt:2)
  32 ogres
  5 boggarts (Vaults:3)
  An elephant zombie (Crypt:1)
  3 swamp dragon zombies
  A boring beetle (Lair:8)
  An elf simulacrum (Vaults:1)
  18 crocodiles
  A torpor snail zombie (Crypt:3)
  3 manticore skeletons
  A swamp dragon skeleton (Pan)
  A fire dragon simulacrum (Coc:6)
  A crocodile (shapeshifter) (Depths:4)
  5 snapping turtle skeletons
  A lindwurm skeleton (Crypt:2)
  4 elf skeletons
  Sigmund (D:7)
  Duvessa (D:7)
  13 centaurs
  7 elf zombies
  4 big kobolds
  Blork the orc (D:6)
  23 giant frogs
  4 spiny frog simulacra
  2 brain worms (Lair:7)
  A yaktaur skeleton (Spider:1)
  A vine stalker skeleton (Crypt:2)
  3 warg zombies
  A wyvern skeleton (D:11)
  A water moccasin skeleton (D:9)
  A queen bee zombie (Crypt:1)
  22 killer bees
  8 scorpions
  113 wights
  2 naga skeletons
  11 quasits
  4 electric eels
  29 crimson imps
  2 goliath beetles
  29 jellies
  Dowan (D:7)
  3 giant frog zombies
  29 orc priests
  11 hounds
  10 centaur skeletons
  4 giant frog skeletons
  43 iron imps
  26 orc wizards
  15 iguanas
  A killer bee zombie (D:8)
  6 hell rats
  26 sheep
  A demigod zombie (Crypt:1)
  12 worker ants
  Ijyb (D:6)
  Jessica (D:5)
  A tengu skeleton (Tar:3)
  2 naga zombies
  2 ogre zombies
  An ogre skeleton (Geh:7)
  The ghost of Vidiiot the Magician, a weakling CeWz (D:5)
  2 hound skeletons
  51 mummies
  2 worker ant zombies
  19 river rats
  17 adders
  A naga simulacrum (Crypt:2)
  5 orc zombies
  2 giant mites
  29 shadow imps
  60 white imps
  A giant eyeball (Pan)
  62 ufetubi
  A worm (D:4)
  3 giant geckos
  An ooze (D:5)
  156 orcs
  A ball python (D:3)
  26 goblins
  9 hobgoblins
  10 jackals
  13 quokkas
  10 bats
  2 giant cockroaches
  A giant gecko zombie (D:6)
  6 giant newts
  A giant spore (D:9)
  39 kobolds
  A kobold zombie (Coc:2)
  2 orc skeletons
  A quokka skeleton (D:5)
  A quokka zombie (D:7)
  9 rats
  A rat zombie (Crypt:3)
  A river rat zombie (Crypt:3)
  18 ballistomycetes (D:9)
  A butterfly (Lair:4)
  4 crawling corpses (Elf:3)
  2 eldritch tentacle segments
  A fungus (Lair:7)
  4 grand avatars (Pan)
  3 pillars of salt (Geh:5)
  A plant (Swamp:5)
  3 starspawn tentacles (Abyss:3)
  11 tentacles
6942 creatures vanquished.

Vanquished Creatures (collateral kills)
  3 pandemonium lords (Pan)
  8 bone dragons
  2 Brimstone Fiends (Pan)
  6 Ice Fiends
  3 liches
  11 Shadow Fiends
  A titan (Pan)
  A quicksilver dragon (Dis:7)
  An eldritch tentacle (Tar:4)
  An ancient champion (Crypt:1)
  3 Executioners (Pan)
  4 sphinxes (Tomb:1)
  A blood saint (Pan)
  A corrupter (Pan)
  A deep elf sorcerer (Elf:3)
  An emperor scorpion (Tomb:1)
  5 cacodemons (Pan)
  A warmonger (Pan)
  6 balrugs
  4 angels
  A rakshasa (Pan)
  3 war gargoyles
  15 reapers
  A salamander firebrand (Hell)
  An ophan (Pan)
  2 chaos champions (Pan)
  A lorocyproca (Pan)
  A caustic shrike zombie (Crypt:3)
  3 black suns (Pan)
  3 green deaths
  A mummy priest (Tomb:2)
  4 blizzard demons (Pan)
  4 eidola
  3 quicksilver dragon zombies
  7 jiangshi
  A great orb of eyes (Pan)
  A quicksilver dragon skeleton (Tar:1)
  6 hell beasts (Hell)
  A fulminant prism (Pan)
  5 monstrous demonspawn (Pan)
  A deep troll earth mage (Depths:4)
  3 dancing weapons
  A titan zombie (Tar:4)
  3 hell hogs (Hell)
  8 sun demons (Pan)
  7 hell knights
  3 storm dragon zombies
  8 soul eaters
  2 shadow wraiths (Tar:7)
  31 skeletal warriors
  4 death drakes
  A storm dragon skeleton (Tar:6)
  6 infernal demonspawn (Pan)
  A cherub (Pan)
  6 shadow demons
  7 death scarabs
  2 anubis guards
  A golden dragon zombie (Tar:4)
  A wizard (Pan)
  An anaconda zombie (Tar:4)
  A deep troll (shapeshifter) (Depths:4)
  6 gelid demonspawn (Pan)
  5 ice devils
  7 torturous demonspawn (Pan)
  4 necromancers
  A golden dragon skeleton (Tar:1)
  An iron dragon zombie (Tar:4)
  An anaconda skeleton (Tar:6)
  A shadow dragon skeleton (Tar:5)
  2 stone giant zombies
  A fire giant zombie (Dis:7)
  A frost giant zombie (Tar:1)
  6 phantasmal warriors
  A worldbinder (Tar:3)
  2 stone giant skeletons
  10 sixfirhies (Pan)
  4 rust devils
  2 water elementals (Tomb:1)
  A shock serpent zombie (Crypt:2)
  A dire elephant zombie (Tar:6)
  A molten gargoyle (Hell)
  13 smoke demons (Pan)
  10 orange demons (Pan)
  10 hellions
  A dire elephant skeleton (Tar:5)
  A green draconian zombie (Crypt:3)
  5 guardian mummies
  10 tormentors
  17 hellwings (Pan)
  2 redback zombies
  13 red devils
  2 harpy zombies (Crypt:2)
  A death drake zombie (Tar:3)
  4 freezing wraiths
  3 silent spectres
  A catoblepas zombie (Tar:2)
  5 large abominations (Pan)
  6 blue devils
  2 fire dragon zombies (Tar:4)
  2 ushabtiu
  2 ice dragon zombies
  2 ettin zombies
  A black mamba zombie (Tar:4)
  An alligator skeleton (Tar:5)
  2 ice dragon skeletons
  12 shadows
  5 ynoxinuls (Pan)
  A fire dragon skeleton (Tar:1)
  26 flying skulls
  A tarantella (shapeshifter) (Depths:4)
  8 wraiths
  19 vampires
  A chaos spawn (Tar:7)
  6 neqoxecs (Pan)
  A fire elemental (Hell)
  2 small abominations (Dis:7)
  A hippogriff (shapeshifter) (Depths:4)
  A human zombie (Dis:7)
  A spiny frog zombie (Coc:1)
  2 hell hounds
  16 necrophages
  A manticore zombie (Tar:6)
  A snapping turtle zombie (Crypt:3)
  A manticore skeleton (Tar:7)
  2 phantoms
  A swamp dragon skeleton (Tar:4)
  A spriggan zombie (Tar:4)
  14 wights
  A crimson imp (Pan)
  2 quasits (Pan)
  3 iron imps (Dis:7)
  4 hell rats (Hell)
  A mummy (Tomb:1)
  6 shadow imps
  A white imp (Coc:1)
  8 ufetubi (Pan)
  A jackal zombie (Crypt:2)
551 creatures vanquished.

Vanquished Creatures (others)
  3 eldritch tentacles
  A sphinx (Depths:4)
  A storm dragon (Geh:7)
  16 daevas
  An iron dragon (Geh:7)
  A cacodemon (Pan)
  15 angels
  An elemental wellspring (Coc:1)
  A blood saint (Pan)
  A bennu (Tomb:1)
  A lorocyproca (Crypt:1)
  2 blizzard demons (Pan)
  A dancing weapon (Pan)
  A deep troll shaman (Depths:4)
  5 death yaks (Depths:4)
  3 ball lightnings (Pan)
  An anaconda zombie (Tar:7)
  A deep troll (Depths:4)
  An unseen horror (D:11)
  A necromancer (Depths:4)
  A mana viper (Tomb:3)
  A stone giant zombie (Geh:6)
  A sixfirhy (Pan)
  A stone giant skeleton (Tar:7)
  An orange demon (Pan)
  4 yaktaurs (Depths:4)
  14 air elementals
  21 water elementals
  3 fire vortices (Pan)
  A fire dragon zombie (Geh:6)
  2 fire elementals
  2 blink frogs
  A deep elf mage (Vaults:3)
  A ynoxinul (Pan)
  A deep elf fighter (Vaults:4)
  A wraith (Geh:6)
  2 necrophages
  10 lost souls
  A hound (shapeshifter) (Depths:4)
  A mummy (Dis:2)
  An adder (D:7)
  An orc zombie (Orc:4)
  A shadow imp (Depths:3)
  4 ufetubi
  2 orcs (Vaults:4)
  A goblin (D:4)
  2 giant cockroaches (D:4)
  A giant gecko skeleton (D:4)
  2 giant spores (D:9)
  A quokka skeleton (D:4)
  2 ballistomycetes (D:9)
  2 briar patches (Swamp:4)
  A butterfly (Pan)
  153 eldritch tentacle segments
  9 fungi
  10 pillars of salt
  11 plants
  2 singularities (Pan)
  7 starspawn tentacles
  14 starspawn tentacle segments (Abyss:3)
  17 tentacles
  243 tentacle segments
615 creatures vanquished.

Grand Total: 8108 creatures vanquished

Notes
Turn   | Place    | Note
--------------------------------------------------------------
     0 | D:1      | vatarom, the Vine Stalker Assassin, began the quest for the Orb.
     0 | D:1      | Reached XP level 1. HP: 11/11 MP: 1/1
     6 | D:1      | Noticed a redback
     6 | D:1      | Noticed a fire drake
     6 | D:1      | Noticed a black bear
    20 | D:1      | Reached skill level 5 in Stealth
   100 | D:1      | Reached XP level 2. HP: 15/15 MP: 3/3
   616 | D:1      | Reached skill level 6 in Stealth
   802 | D:2      | Reached XP level 3. HP: 13/18 MP: 4/4
   877 | D:2      | Reached skill level 1 in Dodging
   999 | D:2      | Gained mutation: You can breathe flames. [potion of beneficial mutation]
  1020 | D:2      | Found a glowing golden altar of the Shining One.
  1460 | D:3      | Reached XP level 4. HP: 16/23 MP: 3/5
  1508 | D:3      | You fall through a shaft for 3 floors!
  1509 | D:6      | Noticed a giant frog
  1518 | D:6      | Killed a giant frog
  1518 | D:6      | Reached XP level 5. HP: 16/26 MP: 7/7
  1521 | D:6      | Noticed an ice beast
  1556 | D:6      | Killed an ice beast
  1556 | D:6      | Gained mutation: You heal very quickly. [vine stalker growth]
  1556 | D:6      | Reached XP level 6. HP: 13/30 MP: 5/8
  1635 | D:6      | Noticed Eustachio
  1661 | D:6      | Found a sparkling altar of Nemelex Xobeh.
  1668 | D:5      | Entered Level 5 of the Dungeon
  1761 | D:5      | Found an opulent altar of Gozag.
  1773 | D:5      | Found a sacrificial altar of Ru.
  1803 | D:5      | Got a pair of fine gloves
  1809 | D:5      | Identified the +3 pair of gloves "Dedeonos" {-Cast +Blink MR+ Regen+ rCorr Dex+2} (You found it on level 5 of the Dungeon)
  1920 | D:5      | Reached XP level 7. HP: 20/34 MP: 6/9
  1973 | D:5      | Got a pitted hand axe
  1974 | D:5      | Identified the cursed +1 hand axe of Vief {drain, Noisy +Fly rC+ MP+9} (You found it on level 5 of the Dungeon)
  2196 | D:5      | Noticed Vidiiot's ghost (weakling CeWz)
  2205 | D:5      | Killed Vidiiot's ghost
  2303 | D:5      | Found a sparkling altar of Nemelex Xobeh.
  2303 | D:5      | Noticed Jessica
  2309 | D:5      | Killed Jessica
  2748 | D:4      | Noticed Pikel
  2771 | D:4      | Killed Pikel
  2771 | D:4      | Reached skill level 5 in Spellcasting
  2771 | D:4      | Gained mutation: You have razor-sharp teeth. [vine stalker growth]
  2771 | D:4      | Reached XP level 8. HP: 24/42 MP: 8/21
  2802 | D:4      | Found a shimmering altar of Xom.
  3301 | D:6      | Noticed Blork the orc
  3301 | D:6      | Noticed a giant frog
  3309 | D:6      | Killed Blork the orc
  3313 | D:6      | Killed a giant frog
  3388 | D:6      | Reached skill level 5 in Dodging
  3486 | D:6      | Noticed a giant frog
  3499 | D:6      | Killed a giant frog
  3513 | D:6      | Noticed Ijyb
  3521 | D:6      | Reached XP level 9. HP: 37/46 MP: 23/23
  3528 | D:6      | Killed Ijyb
  3569 | D:6      | Killed Eustachio
  3618 | D:6      | Found an iron altar of Okawaru.
  3646 | D:6      | Became a worshipper of Warmaster Okawaru
  3702 | D:6      | Noticed a giant frog
  3712 | D:6      | Killed a giant frog
  3924 | D:6      | Found a staircase to the Ecumenical Temple.
  3934 | Temple   | Entered the Ecumenical Temple
  4288 | D:7      | Noticed Dowan
  4290 | D:7      | Noticed Duvessa
  4301 | D:7      | Noticed Sigmund
  4316 | D:7      | Killed Dowan
  4316 | D:7      | Reached skill level 7 in Dodging
  4323 | D:7      | Killed Duvessa
  4334 | D:7      | Killed Sigmund
  4434 | D:7      | Found a stormy altar of Qazlal.
  4489 | D:7      | Acquired Okawaru's first power
  4512 | D:7      | Reached skill level 8 in Dodging
  4654 | D:7      | Reached skill level 5 in Short Blades
  4828 | D:7      | Found an ancient bone altar of Kikubaaqudgha.
  4829 | D:7      | Found a blossoming altar of Fedhas.
  4879 | D:7      | Found Mnai's Distillery.
  4882 | D:7      | Bought a potion of berserk rage for 75 gold pieces
  4882 | D:7      | Bought 2 potions of lignification for 90 gold pieces
  4917 | D:7      | Reached XP level 10. HP: 49/51 MP: 24/24
  5002 | D:8      | Found a shattered altar of Ashenzari.
  5008 | D:8      | Saw a vision of the Swamp and the Spider Nest.
  5008 | D:8      | Noticed an alligator
  5024 | D:8      | Found a snail-covered altar of Cheibriados.
  5286 | D:8      | Got a pitted hand axe
  5287 | D:8      | Identified the cursed -1 hand axe "Pleamuecs" {elec, +Blink +Fly} (You found it on level 8 of the Dungeon)
  5556 | D:9      | Found a staircase to the Lair.
  5773 | D:9      | Reached skill level 9 in Short Blades
  6366 | D:9      | Reached skill level 5 in Fighting
  6366 | D:9      | Reached XP level 11. HP: 52/55 MP: 25/25
  6448 | D:9      | Gained mutation: You have large cloven feet. [mutagenic meat]
  6449 | D:9      | Gained mutation: Your spells are a little easier to cast, but a little less powerful. [mutagenic meat]
  6959 | D:9      | Found a shadowy altar of Dithmenos.
  6959 | D:9      | Found a white marble altar of Elyvilon.
  7309 | D:10     | Entered Level 10 of the Dungeon
  7551 | D:10     | Noticed Joseph
  7573 | D:10     | Killed Joseph
  7705 | D:10     | Gained mutation: Your flesh is heat resistant. [mutagenic meat]
  7706 | D:10     | Gained mutation: You are resistant to hostile enchantments. [mutagenic meat]
  7707 | D:10     | Gained mutation: You are partially covered in large bone plates (AC +2, SH +2). [mutagenic meat]
  7796 | D:11     | Noticed a hill giant
  7810 | D:10     | Killed a hill giant
  7966 | Lair:1   | Entered Level 1 of the Lair of Beasts
  8423 | Lair:1   | Received a gift from Okawaru
  8530 | Lair:1   | Reached skill level 10 in Short Blades
  8860 | Lair:1   | Acquired Okawaru's second power
  8924 | Lair:2   | Reached skill level 1 in Armour
  9483 | Lair:2   | Gained mutation: You regenerate. [vine stalker growth]
  9483 | Lair:2   | Reached XP level 12. HP: 64/64 MP: 27/27
  9688 | Lair:3   | Reached skill level 5 in Armour
  9921 | Lair:3   | Found a hole to the Spider Nest.
  9922 | Lair:3   | Gained mutation: You have an increased reservoir of magic (+10% MP). [potion of mutation]
  9922 | Lair:3   | Gained mutation: You occasionally shout uncontrollably at your foes. [potion of mutation]
 10025 | Lair:3   | Found a staircase to the Swamp.
 10443 | Lair:2   | Received a gift from Okawaru
 10819 | Lair:3   | Reached skill level 10 in Fighting
 11388 | Lair:4   | Learned a level 6 spell: Haste
 11481 | Lair:4   | Reached XP level 13. HP: 64/72 MP: 30/30
 12233 | Lair:5   | Received a gift from Okawaru
 13054 | Lair:6   | Lost mutation: Your flesh is heat resistant. [potion of mutation]
 13054 | Lair:6   | Gained mutation: Your system is resistant to poisons. [potion of mutation]
 13054 | Lair:6   | Gained mutation: Your flesh is heat resistant. [potion of mutation]
 13242 | Lair:6   | Received a gift from Okawaru
 13337 | Lair:6   | Reached skill level 5 in Throwing
 14678 | Lair:6   | Received a gift from Okawaru
 14678 | Lair:6   | Reached skill level 1 in Evocations
 14681 | Lair:6   | Got a pair of polished gloves {god gift}
 14682 | Lair:6   | Identified the -1 pair of gloves of Relativism {rCorr} (Okawaru gifted it to you on level 6 of the Lair of Beasts)
 14899 | Lair:6   | Reached XP level 14. HP: 33/77 MP: 31/31
 14969 | Lair:6   | Reached skill level 5 in Evocations
 15644 | Lair:8   | Entered Level 8 of the Lair of Beasts
 16356 | Lair:8   | Reached skill level 11 in Short Blades
 16618 | Lair:8   | Received a gift from Okawaru
 16852 | Lair:8   | Received a gift from Okawaru
 16865 | Lair:8   | Got a scorched rapier {god gift}
 16879 | Lair:8   | Identified the +1 rapier of the Forest {elec, +Rage MR- Dex+3} (Okawaru gifted it to you on level 8 of the Lair of Beasts)
 17416 | Lair:8   | Lost mutation: You are resistant to hostile enchantments. [potion of mutation]
 17416 | Lair:8   | Gained mutation: You have sharp fingernails. [potion of mutation]
 17521 | Lair:8   | Found a viscous altar of Jiyva.
 17521 | Lair:8   | Found a staircase to the Slime Pits.
 18071 | D:11     | Found a shimmering altar of Xom.
 18146 | D:11     | Found a staircase to the Orcish Mines.
 18235 | D:11     | Reached XP level 15. HP: 78/81 MP: 31/31
 18617 | D:11     | Noticed a hill giant
 18627 | D:11     | Killed a hill giant
 18648 | D:11     | Received a gift from Okawaru
 18739 | D:11     | Killed an unseen horror
 18754 | D:11     | Noticed a hill giant
 18758 | D:11     | Killed a hill giant
 18900 | D:11     | Got a sparkling ivory ring
 18901 | D:11     | Identified the ring "Myatol" {Fire +Inv rN+} (You found it on level 11 of the Dungeon)
 19126 | D:12     | Got a bound silver ring
 19127 | D:12     | Identified the ring "Pneaqaff" {+cTele *Rage rN+ Slay+6} (You found it on level 12 of the Dungeon)
 19154 | D:12     | Got a warped wooden ring
 19155 | D:12     | Identified the cursed ring of Orrumaem {+Rage +Inv rC++ EV-3 Int-4 SInv} (You found it on level 12 of the Dungeon)
 19195 | D:12     | Found Shroruhu's Assorted Antiques.
 19200 | D:12     | Bought a shiny helmet for 139 gold pieces
 19200 | D:12     | Bought a sack of spiders for 620 gold pieces
 19245 | D:12     | Reached skill level 1 in Charms
 20217 | D:13     | Received a gift from Okawaru
 20231 | D:13     | Reached skill level 5 in Charms
 20795 | D:14     | Found a labyrinth entrance.
 20804 | Lab      | Entered a labyrinth
 21508 | Lab      | Got a crude leather armour
 21509 | Lab      | Identified the cursed -5 leather armour of the Raven {+Rage MP+9 Int+3} (You took it off a minotaur in a labyrinth)
 21528 | Lab      | Got a steaming helmet
 21529 | Lab      | Identified the cursed -1 helmet of Vanity {rPois+ Slay+4} (You found it in a labyrinth)
 22083 | D:14     | Received a gift from Okawaru
 22268 | D:15     | Entered Level 15 of the Dungeon
 22474 | D:15     | Found a staircase to the Depths.
 22483 | D:15     | Reached XP level 16. HP: 78/88 MP: 35/35
 22690 | D:15     | Received a gift from Okawaru
 22699 | D:15     | Got a polished cloak {god gift}
 22700 | D:15     | Identified the +1 cloak "Feus" {-Cast +Blink Int+4 Slay+4} (Okawaru gifted it to you on level 15 of the Dungeon)
 22792 | D:15     | Reached skill level 1 in Shields
 23268 | D:15     | Gained mutation: You can spit poison. [potion of beneficial mutation]
 23558 | Orc:1    | Entered Level 1 of the Orcish Mines
 23800 | Orc:1    | Noticed Erolcha
 23808 | Orc:1    | Killed Erolcha
 24273 | Orc:3    | Found Iwykam's General Store.
 24299 | Orc:3    | Bought a scroll of enchant armour for 120 gold pieces
 24299 | Orc:3    | Bought a +0 pair of gloves for 72 gold pieces
 24345 | Orc:3    | Found Hoakufuc's Weapon Boutique.
 24938 | Orc:4    | Entered Level 4 of the Orcish Mines
 25294 | Orc:4    | Found Quakuaz's Distillery.
 25308 | Orc:4    | Found a staircase to the Elven Halls.
 25609 | Orc:4    | Found Tuzaluigh's Armour Boutique.
 25633 | Orc:4    | Reached skill level 5 in Shields
 25692 | Orc:4    | Found Ustad's General Store.
 25698 | Orc:4    | Found Sudiwk's Antique Armour Emporium.
 25700 | Orc:4    | Found Yxurais' Jewellery Boutique.
 26231 | Spider:1 | Entered Level 1 of the Spider Nest
 26309 | Spider:1 | Noticed Josephine
 26322 | Spider:1 | Killed Josephine
 26397 | Spider:1 | Received a gift from Okawaru
 26817 | Spider:1 | Received a gift from Okawaru
 26939 | Spider:1 | Noticed Roxanne
 26957 | Spider:1 | Killed Roxanne
 26959 | Spider:1 | Identified Roxanne's Papyrus of Shifting Earth (You took it off Roxanne on level 1 of the Spider Nest)
 27059 | Spider:2 | Noticed Wiglaf
 27074 | Spider:2 | Killed Wiglaf
 27104 | Spider:2 | Reached skill level 12 in Short Blades
 27387 | Spider:2 | Received a gift from Okawaru
 27468 | Spider:2 | Reached XP level 17. HP: 65/93 MP: 25/37
 27761 | Spider:3 | Noticed Norris
 27777 | Spider:3 | Killed Norris
 27903 | Spider:3 | Received a gift from Okawaru
 28531 | Spider:4 | Received a gift from Okawaru
 28616 | Spider:4 | Noticed Nikola
 28621 | Spider:4 | Reached skill level 13 in Short Blades
 28633 | Spider:4 | Killed Nikola
 28884 | Spider:5 | Entered Level 5 of the Spider Nest
 29251 | Spider:5 | Received a gift from Okawaru
 29660 | Spider:5 | Received a gift from Okawaru
 29797 | Spider:5 | Got a gossamer rune of Zot
 30087 | Spider:3 | Reached skill level 14 in Short Blades
 30196 | Swamp:1  | Entered Level 1 of the Swamp
 30276 | Swamp:1  | Found an ancient bone altar of Kikubaaqudgha.
 30517 | Swamp:1  | Reached XP level 18. HP: 101/101 MP: 38/38
 30705 | Swamp:1  | Reached skill level 10 in Dodging
 31101 | Swamp:2  | Received a gift from Okawaru
 32341 | Swamp:3  | Found a frozen archway.
 32372 | IceCv    | Entered an ice cave
 32602 | IceCv    | Received a gift from Okawaru
 33552 | Swamp:4  | Reached skill level 10 in Throwing
 33941 | Swamp:5  | Entered Level 5 of the Swamp
 34491 | D:11     | Received a gift from Okawaru
 34668 | Orc:4    | Bought an uncursed amulet of the gourmand for 480 gold pieces
 35540 | Swamp:5  | Reached XP level 19. HP: 75/106 MP: 39/39
 35586 | Swamp:5  | Noticed the 27-headed Lernaean hydra
 35694 | Swamp:5  | Killed the 27-headed Lernaean hydra
 35983 | Swamp:5  | Got a decaying rune of Zot
 36078 | Swamp:5  | Received a gift from Okawaru
 36565 | Elf:1    | Entered Level 1 of the Elven Halls
 36692 | Elf:1    | Found Muasun's Distillery.
 37071 | Elf:2    | Found a runed gate.
 37074 | Elf:2    | Found a runed gate.
 37082 | Elf:2    | Found a runed gate.
 37471 | Elf:2    | Noticed Snorg
 37473 | Elf:2    | Killed Snorg
 37740 | Elf:2    | Received a gift from Okawaru
 37746 | Elf:2    | Got a distressingly furry helmet {god gift}
 37747 | Elf:2    | Identified the +2 helmet "Siopt" {rC+ Slay+3} (Okawaru gifted it to you on level 2 of the Elven Halls)
 38043 | Elf:2    | Identified a scroll of acquirement
 38391 | Elf:3    | Entered Level 3 of the Elven Halls
 38596 | Elf:3    | Reached skill level 10 in Evocations
 38638 | Elf:3    | Found a portal to a secret trove of treasure.
 39068 | Elf:3    | Noticed a Brimstone Fiend
 39219 | Elf:3    | Reached XP level 20. HP: 78/111 MP: 39/39
 39232 | Elf:3    | Lost mutation: You have large cloven feet. [a neqoxec]
 39559 | Elf:3    | Got a transparent falchion
 39601 | Elf:3    | Received a gift from Okawaru
 39701 | Elf:3    | Got a twitching bronze ring
 39952 | Elf:3    | Learned a level 2 spell: Shroud of Golubria
 39983 | Elf:3    | Identified the Papyrus of Dark Magic
 40044 | Elf:3    | Received a gift from Okawaru
 40140 | Elf:3    | Identified Ejasaretz's Collected Works on Earthen Companions (You found it on level 3 of the Elven Halls)
 40145 | Elf:3    | Identified Advanced Steps in Witchery (You found it on level 3 of the Elven Halls)
 40543 | Depths:1 | Entered Level 1 of the Depths
 40639 | D:15     | Reached skill level 10 in Spellcasting
 40809 | Depths:1 | Found a one-way gate to the infinite horrors of the Abyss.
 40930 | Depths:1 | Noticed Agnes
 40937 | Depths:1 | Killed Agnes
 41114 | Depths:1 | Received a gift from Okawaru
 41147 | Depths:1 | Identified the ring of Ynkuu {+Inv rN+ Stlth+} (You took it off a deep elf death mage on level 3 of the Elven Halls)
 41558 | Depths:1 | Noticed a pearl dragon
 41571 | Depths:1 | Killed a pearl dragon
 41625 | Depths:1 | Reached XP level 21. HP: 107/116 MP: 40/40
 41628 | Depths:1 | Found a white marble altar of Elyvilon.
 41628 | Depths:1 | Found a glowing silver altar of Zin.
 41848 | Depths:1 | Found a glowing golden altar of the Shining One.
 41925 | Depths:1 | Found a gateway to Hell.
 42015 | Depths:1 | Reached skill level 15 in Short Blades
 42197 | Depths:2 | Reached skill level 15 in Fighting
 43064 | Depths:2 | Received a gift from Okawaru
 43104 | Depths:2 | You fall through a shaft for 2 floors!
 43819 | Depths:3 | Reached skill level 16 in Fighting
 43823 | Depths:3 | Received a gift from Okawaru
 43860 | Depths:3 | Got an ichor-stained ring mail {god gift}
 43861 | Depths:3 | Identified the +4 ring mail of Stemoeh {+Rage rC+} (Okawaru gifted it to you on level 3 of the Depths)
 44271 | Depths:3 | Found a one-way gate leading to the halls of Pandemonium.
 44274 | Depths:3 | Gained mutation: You are agile. (Dex +2) [a neqoxec]
 44428 | Depths:3 | Reached XP level 22. HP: 116/125 MP: 41/41
 44433 | Depths:3 | Found an iron altar of Okawaru.
 44568 | Depths:3 | Got a brightly glowing quick blade
 44569 | Depths:3 | Identified the +2 quick blade "Blenteah" {pierce, rPois+ rC+ Dex-3} (You found it on level 3 of the Depths)
 44672 | Depths:3 | Got an encrusted chain mail
 44684 | Depths:3 | Identified the cursed -5 chain mail of the Twelve Suns {+Fly MP+9 SInv} (You found it on level 3 of the Depths)
 45753 | Depths:4 | Received a gift from Okawaru
 45877 | Depths:4 | Reached skill level 10 in Armour
 45877 | Depths:4 | Reached skill level 10 in Shields
 47487 | Depths:4 | Reached skill level 1 in Invocations
 47535 | Depths:4 | Received a gift from Okawaru
 47724 | Depths:1 | Fell from the grace of Okawaru
 47724 | Depths:1 | Became a worshipper of the Shining One
 47835 | Depths:5 | Entered Level 5 of the Depths
 48173 | D:13     | Found a gate to the Vaults.
 48176 | Vaults:1 | Entered Level 1 of the Vaults
 48737 | Vaults:1 | Reached skill level 5 in Invocations
 49014 | Vaults:1 | Acquired the Shining One's first power
 49198 | Vaults:1 | Reached XP level 23. HP: 127/129 MP: 41/41
 49576 | Vaults:2 | Noticed Mennas
 49604 | Vaults:2 | Killed Mennas
 49689 | Vaults:2 | Found a staircase to the Crypt.
 49689 | Vaults:2 | Found a basalt altar of Yredelemnul.
 49695 | Vaults:2 | Found an ancient bone altar of Kikubaaqudgha.
 49878 | Vaults:2 | Noticed Boris
 49892 | Vaults:2 | Killed Boris
 49892 | Vaults:2 | Acquired the Shining One's second power
 50991 | Vaults:2 | Reached skill level 10 in Invocations
 51625 | Vaults:3 | Lost mutation: Your system is resistant to poisons. [mutagenic meat]
 51626 | Vaults:3 | Lost mutation: You are agile. (Dex +2) [mutagenic meat]
 51627 | Vaults:3 | Lost mutation: You occasionally shout uncontrollably at your foes. [mutagenic meat]
 51773 | Vaults:3 | Found Bluev's Food Boutique.
 51781 | Vaults:3 | Bought a meat ration for 70 gold pieces
 51781 | Vaults:3 | Bought a bread ration for 70 gold pieces
 51781 | Vaults:3 | Bought a bread ration for 70 gold pieces
 51781 | Vaults:3 | Bought a bread ration for 70 gold pieces
 51781 | Vaults:3 | Bought 2 fruits for 42 gold pieces
 51781 | Vaults:3 | Bought a beef jerky for 21 gold pieces
 51781 | Vaults:3 | Bought a beef jerky for 21 gold pieces
 51781 | Vaults:3 | Bought 5 fruits for 105 gold pieces
 51781 | Vaults:3 | Bought 3 fruits for 63 gold pieces
 51781 | Vaults:3 | Bought a slice of pizza for 21 gold pieces
 52272 | Vaults:3 | Was forgiven by Okawaru
 52906 | Vaults:3 | Got a faintly glowing turquoise ring
 52907 | Vaults:3 | Identified the ring of Tippuefidua {Str+3 Dex+4} (You found it on level 3 of the Vaults)
 52955 | Vaults:3 | Acquired the Shining One's third power
 53411 | Vaults:4 | Reached XP level 24. HP: 135/135 MP: 42/42
 53662 | Vaults:4 | Acquired the Shining One's fourth power
 53722 | Vaults:4 | Upgraded the game from 0.16-a0-3638-g6091178 to 0.16-a0-3652-g8567522
 53902 | Vaults:4 | Identified the Handbook of Aerial Summoning (You found it on level 4 of the Vaults)
 54222 | Vaults:4 | Noticed MarvinPA's ghost (great FoEE)
 54247 | Vaults:4 | Killed MarvinPA's ghost
 54830 | Vaults:5 | Entered Level 5 of the Vaults
 55743 | Vaults:5 | Reached XP level 25. HP: 95/139 MP: 44/44
 55857 | Vaults:5 | Noticed an ancient lich
 55875 | Vaults:5 | Killed an ancient lich
 55987 | Vaults:5 | Noticed an ancient lich
 55995 | Vaults:5 | Killed an ancient lich
 56011 | Vaults:5 | Found Blakhlutu's Distillery.
 56015 | Vaults:5 | Bought a potion of experience for 600 gold pieces
 56019 | Vaults:5 | Reached XP level 26. HP: 144/144 MP: 45/47
 56118 | Vaults:5 | Got a sparkling silver ring
 56122 | Vaults:5 | Identified the ring of Balance {-Cast +Rage rN+ Dex+1} (You took it off a vault warden on level 5 of the Vaults)
 56149 | Vaults:5 | Found Ynabuatos' Food Boutique.
 56177 | Vaults:5 | Found Uliet's Magic Scroll Boutique.
 56181 | Vaults:5 | Bought a scroll of acquirement for 936 gold pieces
 56181 | Vaults:5 | Bought a scroll of recharging for 171 gold pieces
 56192 | Vaults:5 | Got a silver rune of Zot
 56890 | Vaults:3 | Reached skill level 15 in Spellcasting
 57220 | Depths:1 | Voluntarily entered the Abyss.
 57358 | Abyss:2  | Found a corrupted altar of Lugonu.
 57616 | Abyss:2  | Gained mutation: You are frail (-10% HP). [a neqoxec]
 57635 | Abyss:3  | Found a corrupted altar of Lugonu.
 58297 | Abyss:3  | Got an abyssal rune of Zot
 58676 | Depths:1 | Escaped the Abyss
 59201 | Slime:1  | Entered Level 1 of the Pits of Slime
 59252 | Slime:1  | Lost mutation: You have an increased reservoir of magic (+10% MP). [a shining eye]
 59254 | Slime:1  | Gained mutation: Space occasionally distorts in your vicinity. [a shining eye]
 60032 | Slime:2  | Reached skill level 15 in Invocations
 60032 | Slime:2  | Reached XP level 27. HP: 133/133 MP: 44/44
 60111 | Slime:2  | Lost mutation: Space occasionally distorts in your vicinity. [a shining eye]
 61580 | Slime:6  | Entered Level 6 of the Pits of Slime
 61702 | Slime:6  | Noticed the royal jelly
 62126 | Slime:6  | Found a viscous altar of Jiyva.
 62128 | Slime:6  | Gained mutation: You are weak. (Str -2) [a shining eye]
 62130 | Slime:6  | Gained mutation: You are dopey. (Int -2) [a shining eye]
 62132 | Slime:6  | Gained mutation: Scrolls take you a little longer to read. [a shining eye]
 62255 | Slime:6  | Reached skill level 17 in Short Blades
 62292 | Slime:6  | Gained mutation: You expend magic power (3 MP) to slightly strengthen your wands. [a shining eye]
 62629 | Slime:6  | Killed the royal jelly
 62823 | Slime:6  | Got a slimy rune of Zot
 63382 | Lair:7   | Lost mutation: You are frail (-10% HP). [potion of cure mutation]
 63382 | Lair:7   | Lost mutation: Your spells are a little easier to cast, but a little less powerful. [potion of cure mutation]
 63382 | Lair:7   | Lost mutation: Your flesh is heat resistant. [potion of cure mutation]
 63382 | Lair:7   | Lost mutation: You are dopey. (Int -2) [potion of cure mutation]
 63382 | Lair:7   | Lost mutation: You can spit poison. [potion of cure mutation]
 63382 | Lair:7   | Lost mutation: You are weak. (Str -2) [potion of cure mutation]
 63785 | Orc:4    | Bought a potion of mutation for 40 gold pieces
 63787 | Orc:4    | Gained mutation: You have large cloven feet. [potion of mutation]
 63787 | Orc:4    | Gained mutation: You have hoof-like feet. [potion of mutation]
 64047 | Crypt:1  | Entered Level 1 of the Crypt
 64224 | Crypt:1  | Found a huge runed gate.
 64224 | Crypt:1  | Found a huge runed gate.
 64224 | Crypt:1  | Found a huge runed gate.
 64224 | Crypt:1  | Found a huge runed gate.
 64224 | Crypt:1  | Found a huge runed gate.
 64224 | Crypt:1  | Found a huge runed gate.
 64224 | Crypt:1  | Found a huge runed gate.
 64224 | Crypt:1  | Found a huge runed gate.
 64225 | Crypt:1  | Found a huge runed gate.
 64226 | Crypt:1  | Found a huge runed gate.
 64226 | Crypt:1  | Found a huge runed gate.
 64227 | Crypt:1  | Found a huge runed gate.
 64227 | Crypt:1  | Found a huge runed gate.
 64250 | Crypt:1  | Noticed an ancient lich
 64488 | Crypt:1  | Killed an ancient lich
 64705 | Crypt:1  | Noticed Aizul
 64727 | Crypt:1  | Killed the ghostly Aizul
 65103 | Crypt:1  | Reached skill level 18 in Fighting
 65284 | Crypt:2  | Noticed Frederick
 65315 | Crypt:2  | Killed Frederick
 65319 | Crypt:2  | Noticed Boris
 65330 | Crypt:2  | Killed Boris
 65912 | Crypt:3  | Entered Level 3 of the Crypt
 66092 | Crypt:3  | Gained mutation: You have a somewhat thin skeletal structure (Dex +2, Stealth). [potion of mutation]
 66092 | Crypt:3  | Gained mutation: You tend to lose your temper in combat. [potion of mutation]
 66148 | Crypt:3  | Found a staircase to the Tomb.
 66705 | Tomb:1   | Entered Level 1 of the Tomb of the Ancients
 67023 | Tomb:1   | Was placed under penance by the Shining One
 67157 | Tomb:1   | Reached skill level 19 in Fighting
 67765 | Tomb:1   | Was forgiven by the Shining One
 68166 | Tomb:1   | Was placed under penance by the Shining One
 68223 | Tomb:1   | Reached skill level 20 in Fighting
 68358 | Tomb:1   | Was forgiven by the Shining One
 68728 | Tomb:2   | Noticed Sojobo
 69503 | Tomb:2   | Killed Sojobo
 70201 | Tomb:1   | Reached skill level 21 in Fighting
 70230 | Tomb:1   | Gained mutation: You possess an exceptional clarity of mind. [potion of beneficial mutation]
 70407 | Tomb:3   | Entered Level 3 of the Tomb of the Ancients
 71503 | Tomb:3   | Got a slimy large shield
 71516 | Tomb:3   | Identified the +7 large shield "Hoxkou Ruext" {rElec rPois- rN++ Dex+3} (You found it on level 3 of the Tomb of the Ancients)
 71565 | Tomb:3   | Got a shimmering marble ring
 71570 | Tomb:3   | Identified the cursed ring "Joteus" {MR- AC-2 Str+4} (You found it on level 3 of the Tomb of the Ancients)
 71627 | Tomb:3   | Got a brightly glowing amethyst amulet
 71629 | Tomb:3   | Identified the amulet of Twoel {Spirit Contam rElec rN-} (You found it on level 3 of the Tomb of the Ancients)
 71664 | Tomb:3   | Gained mutation: Your body is slowly deteriorating. [mutagenic glow]
 71748 | Tomb:3   | Reached skill level 15 in Dodging
 71955 | Tomb:3   | Got a golden rune of Zot
 72003 | Tomb:3   | Noticed Khufu
 72013 | Tomb:3   | Killed Khufu
 72965 | Crypt:3  | Identified the Handbook of Spatial Stolen Souls (You found it on level 3 of the Crypt)
 73673 | Orc:4    | Bought the ring "Shyuq" {Wiz +Rage +Inv rPois+ rF+ Dex+2} for 1006 gold pieces
 74039 | Pan      | Entered Pandemonium
 74223 | Pan      | Found an exit through the horrors of the Abyss.
 74383 | Pan      | Noticed Yxawiot the pandemonium lord
 74398 | Pan      | Killed Yxawiot the pandemonium lord
 75255 | Pan      | Reached skill level 15 in Throwing
 75312 | Pan      | Noticed a seraph
 75398 | Pan      | Killed a seraph
 75443 | Pan      | Found a glowing golden altar of the Shining One.
 75460 | Pan      | Got a demonic rune of Zot
 75830 | Pan      | Found a white marble altar of Elyvilon.
 76467 | Pan      | Reached skill level 15 in Armour
 76478 | Pan      | Found a glowing silver altar of Zin.
 76938 | Pan      | Gained mutation: Space occasionally distorts in your vicinity. [a neqoxec]
 76987 | Pan      | Found an exit through the horrors of the Abyss.
 77608 | Pan      | Noticed Sanalun the pandemonium lord
 77614 | Pan      | Gained mutation: You expend magic power (6 MP) to strengthen your wands. [a neqoxec]
 77650 | Pan      | Killed Sanalun the pandemonium lord
 77887 | Pan      | Noticed Ewniddeh the pandemonium lord
 77905 | Pan      | Killed Ewniddeh the pandemonium lord
 78063 | Pan      | Gained mutation: You are dopey. (Int -2) [a neqoxec]
 78430 | Pan      | Gained mutation: You often lose your temper in combat. [a cacodemon]
 78449 | Pan      | Found an exit through the horrors of the Abyss.
 78741 | Pan      | Noticed Plyal the pandemonium lord
 78757 | Pan      | Killed Plyal the pandemonium lord
 78903 | Pan      | Found an exit through the horrors of the Abyss.
 79375 | Pan      | Found an exit through the horrors of the Abyss.
 79557 | Pan      | Noticed Thagan the pandemonium lord
 79581 | Pan      | Killed Thagan the pandemonium lord
 80100 | Pan      | Found an exit through the horrors of the Abyss.
 80464 | Pan      | Gained mutation: You are very dopey. (Int -4) [a neqoxec]
 80466 | Pan      | Gained mutation: You are clumsy. (Dex -2) [a neqoxec]
 80752 | Pan      | Reached skill level 10 in Charms
 80774 | Pan      | Gained mutation: Your spells are a little easier to cast, but a little less powerful. [a neqoxec]
 80794 | Pan      | Noticed Kodyottyum the pandemonium lord
 80857 | Pan      | Killed Kodyottyum the pandemonium lord
 80940 | Pan      | Found an exit through the horrors of the Abyss.
 81145 | Pan      | Found a gateway to a ziggurat.
 81410 | Pan      | Noticed Ozuidy the pandemonium lord
 81429 | Pan      | Killed Ozuidy the pandemonium lord
 81787 | Pan      | Lost mutation: Scrolls take you a little longer to read. [potion of cure mutation]
 81787 | Pan      | Lost mutation: You have hoof-like feet. [potion of cure mutation]
 81787 | Pan      | Lost mutation: You are clumsy. (Dex -2) [potion of cure mutation]
 81787 | Pan      | Lost mutation: Your body is slowly deteriorating. [potion of cure mutation]
 81787 | Pan      | Lost mutation: You possess an exceptional clarity of mind. [potion of cure mutation]
 82361 | Pan      | Found an exit through the horrors of the Abyss.
 82723 | Pan      | Entered the realm of Cerebov.
 82831 | Pan      | Found an exit through the horrors of the Abyss.
 82956 | Pan      | Found a gateway to a ziggurat.
 83120 | Pan      | Noticed Cerebov
 83360 | Pan      | Killed Cerebov
 83384 | Pan      | Lost mutation: You often lose your temper in combat. [potion of mutation]
 83384 | Pan      | Gained mutation: You often lose your temper in combat. [potion of mutation]
 83416 | Pan      | Got a fiery rune of Zot
 83445 | Pan      | Lost mutation: Space occasionally distorts in your vicinity. [potion of cure mutation]
 83445 | Pan      | Lost mutation: Your spells are a little easier to cast, but a little less powerful. [potion of cure mutation]
 83445 | Pan      | Lost mutation: You are partially covered in large bone plates (AC +2, SH +2). [potion of cure mutation]
 83445 | Pan      | Lost mutation: You have large cloven feet. [potion of cure mutation]
 83445 | Pan      | Lost mutation: You often lose your temper in combat. [potion of cure mutation]
 83474 | Pan      | Got a warped amber ring
 83475 | Pan      | Identified the ring of Fixation {Fire Str+4 Dex+2} (You took it off a balrug in Pandemonium)
 83493 | Pan      | Identified Idomm's Compendium of Venom
 83556 | Pan      | Got a smoking lead ring
 83572 | Pan      | Identified the ring "Diomiavo" {rPois+ rC+ rN+ EV+4 Int-2 Stlth+} (You took it off an efreet in Pandemonium)
 83851 | Pan      | Found an exit through the horrors of the Abyss.
 84082 | Pan      | Upgraded the game from 0.16-a0-3652-g8567522 to 0.16-a0-3668-g5d42bd4
 84128 | Pan      | Noticed Crug the pandemonium lord
 84142 | Pan      | Killed Crug the pandemonium lord
 84255 | Pan      | Got a slimy dagger
 84256 | Pan      | Identified the +9 dagger of Extermination {freeze, rPois+} (You found it in Pandemonium)
 84515 | Pan      | Noticed Coawuik the pandemonium lord
 84521 | Pan      | Killed Coawuik the pandemonium lord
 84574 | Pan      | Found an exit through the horrors of the Abyss.
 84822 | Pan      | Found a gateway to a ziggurat.
 84858 | Pan      | Gained mutation: Your body is slowly deteriorating. [a neqoxec]
 84882 | Pan      | Got a polished quick blade
 84886 | Pan      | Identified the +8 quick blade of a bailey {flame, rPois+ rC+ Int+4} (You acquired it in Pandemonium)
 85384 | Pan      | Found a gateway to a ziggurat.
 85388 | Pan      | Paralysed by a giant eyeball for 3 turns
 85397 | Pan      | Paralysed by a giant eyeball for 4 turns
 85770 | Pan      | Noticed Apie the pandemonium lord
 85781 | Pan      | Killed Apie the pandemonium lord
 85867 | Pan      | Gained mutation: You expend magic power (9 MP) to make your wands much stronger. [a neqoxec]
 85986 | Pan      | Found an exit through the horrors of the Abyss.
 86185 | Pan      | Found an exit through the horrors of the Abyss.
 86348 | Pan      | Noticed Jotzorhe the pandemonium lord
 86363 | Pan      | Killed Jotzorhe the pandemonium lord
 87220 | Pan      | Lost mutation: You tend to lose your temper in combat. [potion of cure mutation]
 87220 | Pan      | Lost mutation: You are very dopey. (Int -4) [potion of cure mutation]
 87220 | Pan      | Lost mutation: Your body is slowly deteriorating. [potion of cure mutation]
 87220 | Pan      | Lost mutation: You expend magic power (9 MP) to make your wands much stronger. [potion of cure mutation]
 87360 | Pan      | Found an exit through the horrors of the Abyss.
 87423 | Pan      | Noticed Lepeedim the pandemonium lord
 87456 | Pan      | Killed Lepeedim the pandemonium lord
 88350 | Pan      | Noticed Chicleag the pandemonium lord
 88353 | Pan      | Paralysed by a giant eyeball for 3 turns
 88616 | Pan      | Found an exit through the horrors of the Abyss.
 89056 | Pan      | Killed Chicleag the pandemonium lord
 89908 | Pan      | Got a transparent rapier
 89909 | Pan      | Identified the -2 rapier of Chexunif {freeze, rF+ Str+3} (You acquired it in Pandemonium)
 89935 | Pan      | Noticed Esaypro the pandemonium lord
 89958 | Pan      | Killed Esaypro the pandemonium lord
 90066 | Pan      | Found an exit through the horrors of the Abyss.
 90633 | Pan      | Noticed Likliuc the pandemonium lord
 90649 | Pan      | Killed Likliuc the pandemonium lord
 90842 | Pan      | Found an exit through the horrors of the Abyss.
 91240 | Pan      | Entered the realm of Gloorx Vloq.
 91249 | Pan      | Found an exit through the horrors of the Abyss.
 92081 | Pan      | Noticed Gloorx Vloq
 92108 | Pan      | Killed Gloorx Vloq
 92156 | Pan      | Got a dark rune of Zot
 92449 | Pan      | Noticed Qaetif the pandemonium lord
 92479 | Pan      | Killed Qaetif the pandemonium lord
 92811 | Pan      | Reached skill level 22 in Dodging
 92818 | Pan      | Found an exit through the horrors of the Abyss.
 93609 | Pan      | Reached skill level 15 in Shields
 93789 | Pan      | Gained mutation: You tend to lose your temper in combat. [a neqoxec]
 93866 | Pan      | Found an exit through the horrors of the Abyss.
 93925 | Pan      | Noticed Kipix the pandemonium lord
 93945 | Pan      | Killed Kipix the pandemonium lord
 94451 | Pan      | Gained mutation: You often lose your temper in combat. [a neqoxec]
 94453 | Pan      | Gained mutation: You have an uncontrollable temper. [a neqoxec]
 94977 | Pan      | Found an exit through the horrors of the Abyss.
 95023 | Pan      | Gained mutation: You passively map a small area around you. [potion of beneficial mutation]
 95044 | Pan      | Gained mutation: Your muscles are strong. (Str +2) [potion of mutation]
 95523 | Pan      | Found a gateway to a ziggurat.
 95697 | Pan      | Gained mutation: Armour fits poorly on your strangely shaped body. [a cacodemon]
 95722 | Pan      | Found a huge runed gate.
 95745 | Pan      | Noticed Ocilurul the pandemonium lord
 95833 | Pan      | Killed Ocilurul the pandemonium lord
 96761 | Pan      | Found an exit through the horrors of the Abyss.
 96933 | Pan      | Found an exit through the horrors of the Abyss.
 97092 | Pan      | Noticed Hiwnafij the pandemonium lord
 97106 | Pan      | Killed Hiwnafij the pandemonium lord
 97107 | Pan      | Gained mutation: You occasionally shout uncontrollably at your foes. [a cacodemon]
 97343 | Pan      | Lost mutation: Your muscles are strong. (Str +2) [a neqoxec]
 97507 | Pan      | Entered the realm of Mnoleg.
 97901 | Pan      | Found an exit through the horrors of the Abyss.
 97987 | Pan      | Paralysed by you for 3 turns
 98084 | Pan      | Gained mutation: You are clumsy. (Dex -2) [a neqoxec]
 98088 | Pan      | Gained mutation: Scrolls take you a little longer to read. [a shining eye]
 98179 | Pan      | Gained mutation: You are very clumsy. (Dex -4) [a neqoxec]
 98184 | Pan      | Lost mutation: You are very clumsy. (Dex -4) [potion of cure mutation]
 98184 | Pan      | Lost mutation: Armour fits poorly on your strangely shaped body. [potion of cure mutation]
 98184 | Pan      | Lost mutation: You have an uncontrollable temper. [potion of cure mutation]
 98184 | Pan      | Lost mutation: Scrolls take you a little longer to read. [potion of cure mutation]
 98184 | Pan      | Lost mutation: You often lose your temper in combat. [potion of cure mutation]
 98185 | Pan      | Lost mutation: You are dopey. (Int -2) [potion of cure mutation]
 98185 | Pan      | Lost mutation: You have a somewhat thin skeletal structure (Dex +2, Stealth). [potion of cure mutation]
 98185 | Pan      | Lost mutation: You are clumsy. (Dex -2) [potion of cure mutation]
 98192 | Pan      | Lost mutation: You have sharp fingernails. [potion of cure mutation]
 98192 | Pan      | Lost mutation: You passively map a small area around you. [potion of cure mutation]
 98192 | Pan      | Lost mutation: You occasionally shout uncontrollably at your foes. [potion of cure mutation]
 98192 | Pan      | Lost mutation: You expend magic power (6 MP) to strengthen your wands. [potion of cure mutation]
 98193 | Pan      | Lost mutation: You expend magic power (3 MP) to slightly strengthen your wands. [potion of cure mutation]
 98193 | Pan      | Lost mutation: You can breathe flames. [potion of cure mutation]
 98193 | Pan      | Lost mutation: You tend to lose your temper in combat. [potion of cure mutation]
 98222 | Pan      | Gained mutation: Your spells are a little easier to cast, but a little less powerful. [a neqoxec]
 98226 | Pan      | Noticed Mnoleg
 98243 | Pan      | Killed Mnoleg
 98259 | Pan      | Got a glowing rune of Zot
 98284 | Pan      | Gained mutation: You have difficulty communicating with the divine. [a neqoxec]
 98300 | Pan      | Gained mutation: You are weak. (Str -2) [a neqoxec]
 98331 | Pan      | Gained mutation: You occasionally shout uncontrollably at your foes. [a cacodemon]
 98548 | Pan      | Gained mutation: You sometimes yell uncontrollably at your foes. [a neqoxec]
 98740 | Pan      | Noticed Hael the pandemonium lord
 98754 | Pan      | Killed Hael the pandemonium lord
 98884 | Pan      | Noticed Miyamura's ghost (legendary HESk)
 98955 | Pan      | Killed Miyamura's ghost
 99009 | Pan      | Found an exit through the horrors of the Abyss.
 99693 | Pan      | Gained mutation: You are frail (-10% HP). [a cacodemon]
 99696 | Pan      | Reached skill level 15 in Evocations
 99801 | Pan      | Noticed Hitzol the pandemonium lord
 99815 | Pan      | Killed Hitzol the pandemonium lord
100026 | Pan      | Found an exit through the horrors of the Abyss.
100594 | Pan      | Entered the realm of Lom Lobon.
100714 | Pan      | Noticed Ignacio
100730 | Pan      | Killed Ignacio
101031 | Pan      | Noticed Lom Lobon
101052 | Pan      | Killed Lom Lobon
101093 | Pan      | Got a magical rune of Zot
101424 | Pan      | Found an exit through the horrors of the Abyss.
101441 | Pan      | Took an exit into the Abyss.
101441 | Abyss:1  | Escaped into the Abyss
101445 | Depths:3 | Escaped the Abyss
101469 | Hell     | Entered the Vestibule of Hell
101469 | Hell     | Noticed Geryon
101510 | Hell     | Killed Geryon
101529 | Hell     | Found a gateway to the ashen valley of Gehenna.
101710 | Depths:1 | Identified a +9 quick blade of holy wrath (a +9 quick blade of protection blessed by the Shining One)
101845 | Depths:3 | Got a pair of brightly glowing gloves
101846 | Depths:3 | Identified the -1 pair of gloves of Sitiote {+Inv rElec SInv} (You found it on level 3 of the Depths)
101962 | Hell     | Found a gateway to the decaying netherworld of Tartarus.
102087 | Hell     | Found a gateway to the Iron City of Dis.
102098 | Dis:1    | Entered Level 1 of the Iron City of Dis
105683 | Dis:7    | Entered Level 7 of the Iron City of Dis
105823 | Dis:7    | Reached skill level 23 in Fighting
106292 | Dis:7    | Got a fine bronze amulet
106293 | Dis:7    | Identified the amulet of Moivoptu {Spirit rElec Int+5} (You found it on level 7 of the Iron City of Dis)
106704 | Dis:7    | Gained mutation: Your body is slowly deteriorating. [mutagenic glow]
107120 | Dis:7    | Was placed under penance by the Shining One
107125 | Dis:7    | Noticed Dispater
107142 | Dis:7    | Was forgiven by the Shining One
107176 | Dis:7    | Killed Dispater
107241 | Dis:7    | Got an iron rune of Zot
107317 | Hell     | Found a gateway to the freezing wastes of Cocytus.
107340 | Coc:1    | Entered Level 1 of Cocytus
107374 | Coc:1    | Reached skill level 24 in Short Blades
107423 | Coc:1    | Upgraded the game from 0.16-a0-3668-g5d42bd4 to 0.16-a0-3691-gf72e470
107514 | Tar:1    | Entered Level 1 of Tartarus
109621 | Tar:2    | Reached skill level 15 in Charms
114133 | Tar:7    | Entered Level 7 of Tartarus
114872 | Tar:7    | Got a transparent wooden ring
114874 | Tar:7    | Identified the ring "Brud" {rElec rPois+} (You found it on level 7 of Tartarus)
114973 | Tar:7    | Gained mutation: Armour fits poorly on your strangely shaped body. [mutagenic glow]
115053 | Tar:7    | Lost mutation: You sometimes yell uncontrollably at your foes. [mutagenic glow]
115215 | Tar:7    | Gained mutation: Your body is deteriorating. [a neqoxec]
115393 | Tar:7    | Gained mutation: Your body is rapidly deteriorating. [mutagenic glow]
115490 | Tar:7    | Identified Kikubaaqudgha's Reference Book on Evil Secrets (You found it on level 7 of Tartarus)
115802 | Tar:7    | Noticed Ereshkigal
116355 | Tar:7    | Killed Ereshkigal
116396 | Tar:7    | Got a bone rune of Zot
116532 | Depths:1 | Fell from the grace of the Shining One
116532 | Depths:1 | Became a worshipper of Zin the Law-Giver
116532 | Depths:1 | Acquired Zin's first power
116532 | Depths:1 | Acquired Zin's second power
116532 | Depths:1 | Acquired Zin's third power
116533 | Depths:1 | Donated 6144 gold pieces to Zin
116625 | Depths:1 | Acquired Zin's fourth power
117030 | Coc:1    | Received a gift from Zin
117030 | Coc:1    | Lost mutation: Armour fits poorly on your strangely shaped body. [Zin's power]
117030 | Coc:1    | Lost mutation: Your body is rapidly deteriorating. [Zin's power]
117030 | Coc:1    | Lost mutation: Your body is deteriorating. [Zin's power]
117030 | Coc:1    | Lost mutation: Your body is slowly deteriorating. [Zin's power]
117030 | Coc:1    | Lost mutation: You are frail (-10% HP). [Zin's power]
117030 | Coc:1    | Lost mutation: You occasionally shout uncontrollably at your foes. [Zin's power]
117030 | Coc:1    | Lost mutation: You are weak. (Str -2) [Zin's power]
117030 | Coc:1    | Lost mutation: You have difficulty communicating with the divine. [Zin's power]
117030 | Coc:1    | Lost mutation: Your spells are a little easier to cast, but a little less powerful. [Zin's power]
117844 | Vaults:5 | Bought a bread ration for 50 gold pieces
117844 | Vaults:5 | Bought a bread ration for 50 gold pieces
117844 | Vaults:5 | Bought a bread ration for 50 gold pieces
117844 | Vaults:5 | Bought a meat ration for 50 gold pieces
117844 | Vaults:5 | Bought a meat ration for 50 gold pieces
117844 | Vaults:5 | Bought a beef jerky for 15 gold pieces
117844 | Vaults:5 | Bought a meat ration for 50 gold pieces
117844 | Vaults:5 | Bought a beef jerky for 15 gold pieces
117844 | Vaults:5 | Bought a meat ration for 50 gold pieces
117844 | Vaults:5 | Bought a meat ration for 50 gold pieces
117844 | Vaults:5 | Bought a meat ration for 50 gold pieces
117856 | Vaults:5 | Upgraded the game from 0.16-a0-3691-gf72e470 to 0.16-a0-3695-ga3e2ed8
118745 | Depths:4 | Noticed a golden dragon
118763 | Depths:4 | Reached skill level 10 in Stealth
118775 | Depths:4 | Killed a golden dragon
120447 | Coc:2    | Reached skill level 15 in Stealth
124220 | Coc:6    | Reached skill level 25 in Short Blades
124876 | Coc:7    | Entered Level 7 of Cocytus
125850 | Coc:7    | Noticed Antaeus
126572 | Coc:7    | Killed Antaeus
126610 | Coc:7    | Got an icy rune of Zot
126714 | Geh:1    | Entered Level 1 of Gehenna
131144 | Geh:7    | Entered Level 7 of Gehenna
131688 | Geh:7    | Noticed the Serpent of Hell
131702 | Geh:7    | Killed from afar by a Brimstone Fiend

Action                   |  1- 3 |  4- 6 |  7- 9 | 10-12 | 13-15 | 16-18 | 19-21 | 22-24 | 25-27 || total
-------------------------+-------+-------+-------+-------+-------+-------+-------+-------+-------++-------
Melee: Dagger            |   126 |    86 |     4 |   904 |  1546 |       |    27 |       |       ||  2693
       Hand axe          |       |       |   495 |   693 |    13 |       |       |       |       ||  1201
       Rapier            |       |       |       |       |   798 |  1493 |  1267 |    21 |       ||  3579
       Quick blade       |       |       |       |       |       |       |     3 |  2061 | 13227 || 15291
 Fire: Blowgun           |       |     5 |     3 |    14 |     7 |       |     3 |       |       ||    32
Throw: Javelin           |       |       |       |       |    12 |    22 |    22 |       |     4 ||    60
       Tomahawk          |       |       |       |       |       |       |     3 |       |    41 ||    44
Invok: Heroism           |       |       |       |     1 |     1 |       |       |       |       ||     2
       Divine Shield     |       |       |       |       |       |       |       |     1 |    12 ||    13
       Vitalisation      |       |       |       |       |       |       |       |       |   101 ||   101
       Summon Divine War |       |       |       |       |       |       |       |       |    73 ||    73
       Cleansing Flame   |       |       |       |       |       |       |       |       |    69 ||    69
       Recite            |       |       |       |       |       |       |       |       |    36 ||    36
       Sanctuary         |       |       |       |       |       |       |       |       |     1 ||     1
       Cure All Mutation |       |       |       |       |       |       |       |       |     1 ||     1
 Abil: Breathe Fire      |     3 |     3 |       |     1 |     1 |     1 |       |       |     1 ||    10
       Evoke Blink       |       |       |       |     1 |     7 |       |     2 |       |     1 ||    11
       Evoke Teleport Co |       |       |       |     1 |     5 |       |       |       |     4 ||    10
       Evoke Berserk Rag |       |       |       |       |     1 |     2 |       |       |       ||     3
       Evoke Invisibilit |       |       |       |       |       |       |     1 |       |       ||     1
       Evoke Teleportati |       |       |       |       |       |       |       |       |     4 ||     4
       Evoke Flight      |       |       |       |       |       |       |       |       |     3 ||     3
       Stop Flying       |       |       |       |       |       |       |       |       |     2 ||     2
Evoke: Wand              |       |       |       |       |     2 |     4 |     7 |       |    15 ||    28
       Fan of gales      |       |       |       |       |     1 |       |     3 |       |     4 ||     8
       Phial of floods   |       |       |       |       |       |       |     6 |     1 |     8 ||    15
       Deck              |       |       |       |       |       |       |       |       |     5 ||     5
       Lamp of fire      |       |       |       |       |       |       |       |       |     3 ||     3
       Rod               |       |       |       |       |       |       |       |       |     1 ||     1
       Phantom mirror    |       |       |       |       |       |       |       |       |     1 ||     1
  Use: Scroll            |     9 |     1 |     3 |     7 |    32 |    14 |    24 |    16 |    74 ||   180
       Potion            |     4 |       |     5 |     6 |     6 |     2 |       |     6 |    31 ||    60
 Stab: Sleeping          |     5 |     2 |     9 |    13 |    21 |    31 |     6 |     1 |   135 ||   223
       Distracted        |       |       |     1 |     1 |     4 |     6 |       |     1 |    90 ||   103
       Fleeing           |       |       |       |       |     1 |       |       |       |       ||     1
       Invisible         |       |       |       |       |       |       |     1 |       |       ||     1
       Confused          |       |       |       |       |       |       |       |       |    29 ||    29
       Paralysed         |       |       |       |       |       |       |       |       |     4 ||     4
  Eat: Bread ration      |     1 |       |     3 |     5 |     7 |     6 |       |     4 |    21 ||    47
       Chunk             |       |       |       |    10 |     2 |    13 |    42 |    47 |   191 ||   305
       Meat ration       |       |       |       |       |     3 |     8 |     2 |     3 |    22 ||    38
       Beef jerky        |       |       |       |       |       |     4 |       |     3 |    14 ||    21
       Pizza             |       |       |       |       |       |       |       |     1 |    13 ||    14
       Fruit             |       |       |       |       |       |       |       |       |    47 ||    47
       Royal jelly       |       |       |       |       |       |       |       |       |     6 ||     6
